 Dungeon Crawl Stone Soup version 0.28.0 (webtiles) character file.

Game seed: 14514948355630615572

498 mopl the Chopper (level 6, -9/50 HPs)
             Began as a Palentonga Fighter on Feb 12, 2022.
             Mangled by an ogre (26 damage)
             ... on level 4 of the Dungeon.
             The game lasted 00:03:24 (2898 turns).

mopl the Chopper (Palentonga Fighter)               Turns: 2898, Time: 00:03:25

Health: -9/50      AC: 12    Str: 19    XL:     6   Next: 94%
Magic:  6/6        EV:  3    Int:  8    God:
Gold:   162        SH:  4    Dex: 12    Spells: 5/5 levels left

rFire   . . .      SeeInvis +   b - +0 dagger (venom)
rCold   . . .      Faith    .   c - +0 buckler
rNeg    . . .      Spirit   .   m - +0 plate armour
rPois   .          Reflect  .   (no helmet)
rElec   .          Harm     .   l - +2 cloak
rCorr   .          Rampage  .   (no gloves)
Will    +....                   (no barding)
Stlth   ..........              (no amulet)
HPRegen 0.16/turn               r - ring of willpower
MPRegen 0.10/turn               (no ring)

@: no status effects
A: large, rugged brown scales 3, see invisible, deformed body, roll 1, armoured
tail
a: Rolling Charge


You were on level 4 of the Dungeon.
You visited 1 branch of the dungeon, and saw 4 of its levels.

You collected 163 gold pieces.
You donated 1 gold pieces to Zin.

Inventory:

Hand Weapons
 a - a +0 war axe
 b - a +0 dagger of venom (weapon)
Armour
 c - a +0 buckler (worn)
 l - a +2 cloak (worn)
 m - a +0 plate armour (worn)
Magical Staves
 s - a staff of poison
Jewellery
 r - a ring of willpower (left hand)
Wands
 q - a wand of acid (12)
Scrolls
 f - 2 scrolls of teleportation {unknown}
 h - a scroll of magic mapping {unknown}
 k - a scroll of identify {unknown}
Potions
 d - a potion of might
 e - a potion of resistance {unknown}
 g - 2 potions of curing {unknown}
 i - a potion of magic {unknown}
 j - 2 potions of heal wounds {unknown}
 n - a potion of degeneration {unknown}
 o - a potion of haste {unknown}
 p - a potion of attraction {unknown}
 t - 2 potions of lignification {unknown}


   Skills:
 - Level 3.0 Fighting
 * Level 7.0 Axes
 + Level 3.3 Armour
 - Level 2.4 Shields


You had 5 spell levels left.
You didn't know any spells.
Your spell library contained the following spells:

 Spells                   Type           Power      Damage    Failure   Level
 Gell's Gravitas          Tloc           0%         N/A       100%        3
 Lesser Beckoning         Tloc           0%         N/A       100%        3
 Teleport Other           Tloc           0%         N/A       100%        3


Dungeon Overview and Level Annotations

Branches:
Dungeon (4/15)
 Temple: D:4-7

Altars:
Gozag
Makhleb
Wu Jian
Xom
Zin

Annotations:
D:2 1 runed translucent door, Crazy Yiuf


Innate Abilities, Weirdness & Mutations

You are completely covered in rugged brown scales. (AC +3, +7% HP)
You have supernaturally acute eyesight. (SInv)
Armour fits poorly on your strangely shaped body.
You can roll at nearby foes to attack.
You have a long armoured tail.


Message History

The goblin is moderately wounded.
The goblin barely misses you. The goblin hits you but does no damage.
You hit the goblin.
Your tail-slap misses the goblin.
The goblin is heavily wounded.
The goblin hits you with a +0 club.
You hit the goblin.
You kill the goblin!
No target in view!
Found a dagger.
Things that are here:
a +0 club; a +0 hunting sling; 33 stones You see here a +0 dagger.
Found a short sword.
There is a stone staircase leading up here.
As you open the door, it creaks loudly!
An ogre comes into view. It is wielding a +0 giant spiked club.
Your +0 dagger of venom begins to drip with poison!
b - a +0 dagger of venom (weapon)
You barely miss the ogre.
The ogre hits you with a +0 giant spiked club!
You hit the ogre but do no damage.
The ogre is poisoned.
You tail-slap the ogre!
The ogre is moderately wounded.
The ogre hits you with a +0 giant spiked club!
You closely miss the ogre.
The ogre is moderately wounded.
The ogre hits you with a +0 giant spiked club!
You are too injured to fight recklessly!
You are too injured to fight recklessly!
You barely miss the ogre.
The ogre is heavily wounded.
The ogre hits you with a +0 giant spiked club!
* * * LOW HITPOINT WARNING * * *
The ogre looks more healthy.
You hit the ogre but do no damage.
The ogre is poisoned.
You tail-slap the ogre.
The ogre is almost dead.
The ogre hits you with a +0 giant spiked club!!
Ouch! That really hurt!
You die...

### ### #.# #.#
#.###########.#
#.............#
#.###########.#
#O# #####.....####
#@###......#......
#...#......<......
#.###..)...#......
#.# ########......
#)# #..[... #.#
#......
#.##########......
#.##.......'......
#.##.#######......


You could see an ogre (very poisoned).

Vanquished Creatures
  A sky beast (D:3)
  A phantom (D:4)
  2 scorpions
  A crimson imp (D:4)
  Natasha (thrice) (D:2)
  A hound skeleton (D:4)
  4 adders
  A white imp (D:3)
  An adder skeleton (D:4)
  2 dart slugs
  2 orcs
  7 ball pythons
  6 bats
  4 endoplasms
  4 giant cockroaches
  4 goblins
  2 hobgoblins
  2 quokkas (D:1)
  2 frilled lizards
  2 kobolds
  5 rats
57 creatures vanquished.

Notes
Turn   | Place    | Note
-------+----------+-------------------------------------------
     0 | D:1      | mopl the Palentonga Fighter began the quest for the Orb.
     0 | D:1      | Reached XP level 1. HP: 19/19 MP: 1/1
   120 | D:1      | Found a faded altar of an unknown god.
   137 | D:1      | Prayed at the altar of an unknown god.
   137 | D:1      | Became a worshipper of Zin the Law-Giver
   137 | D:1      | Reached * piety under Zin
   138 | D:1      | Fell from the grace of Zin
   189 | D:1      | Reached XP level 2. HP: 25/25 MP: 2/2
   246 | D:1      | Reached skill level 3 in Axes
   654 | D:2      | Found a runed translucent door.
   655 | D:2      | Noticed Crazy Yiuf
   720 | D:2      | Reached XP level 3. HP: 13/31 MP: 3/3
   904 | D:2      | Found a burning altar of Makhleb.
  1168 | D:2      | Reached skill level 4 in Axes
  1229 | D:2      | Noticed Natasha
  1237 | D:2      | Killed Natasha
  1238 | D:2      | Reached XP level 4. HP: 33/37 MP: 4/4
  1294 | D:2      | Noticed Natasha
  1306 | D:2      | Killed Natasha
  1706 | D:2      | Noticed Natasha
  1713 | D:2      | Killed Natasha
  1714 | D:2      | Reached skill level 5 in Axes
  1730 | D:3      | Noticed a sky beast
  1855 | D:3      | Noticed a scorpion
  1866 | D:3      | Killed a scorpion
  1867 | D:3      | Reached XP level 5. HP: 17/43 MP: 5/5
  2181 | D:3      | Killed a sky beast
  2182 | D:3      | Reached skill level 6 in Axes
  2182 | D:3      | Reached XP level 6. HP: 50/50 MP: 6/6
  2615 | D:4      | Found an ornate altar of the Wu Jian Council.
  2657 | D:4      | Found a burning altar of Makhleb.
  2658 | D:4      | Found a shimmering altar of Xom.
  2710 | D:4      | Reached skill level 3 in Armour
  2724 | D:4      | Found an opulent altar of Gozag.
  2793 | D:4      | Reached skill level 7 in Axes
  2898 | D:4      | Mangled by an ogre

Illustrated notes

Levels and vault maps discovered:
D:1:      noname_arrival_rooms_in_the_neighbourhood, layout_rooms,
          chequers_ecumenical_altar_island
D:2:      layout_basic, basic_altar, uniq_natasha, uniq_crazy_yiuf_cottage
D:3:      layout_loops_cross
D:4:      layout_basic, grunt_temple_overflow_champion_of_chaos,
          kennysheep_mini_moat, nzn_wu_jian_council_hall,
          gammafunk_temple_overflow_wave

Skill      XL: |  1  2  3  4  5  6 |
---------------+-------------------+-----
Axes           | 3 4 5 6 7 |  7.0
Armour         | 3 |  3.3
Fighting       | |  3.0
Shields        | |  2.4

Action                   |  1- 3 |  4- 6 || total
-------------------------+-------+-------++-------
Melee: War axe           |    81 |    89 ||   170
       Tailslap          |     5 |    11 ||    16
       Dagger            |       |    12 ||    12
Invok: Renounce Religion |     1 |       ||     1
Armor: Scale mail        |    37 |    12 ||    49
       Plate armour      |       |    52 ||    52
Dodge: Dodged            |    31 |    22 ||    53
Block: Buckler           |    23 |     7 ||    30
